 Dungeon Crawl Stone Soup version 0.18.1-48-g4cf74bf (webtiles) character file.

2564 atgrul the Spear-Bearer (level 9, -2/74 HPs)
             Began as a Merfolk Skald on Aug 15, 2016.
             Was a Believer of Okawaru.
             Slain by an orc knight
             ... wielding a +0 long sword
              (10 damage)
             ... on level 8 of the Dungeon.
             The game lasted 00:47:19 (11369 turns).

atgrul the Spear-Bearer (Merfolk Skald)            Turns: 11369, Time: 00:47:20

Health: -2/74      AC:  3    Str: 12    XL:     9   Next: 57%
Magic:  5/12       EV: 16    Int: 14    God:    Okawaru [**....]
Gold:   490        SH:  0    Dex: 14    Spells: 3 memorised, 6 levels left

rFire  . . .     SeeInvis .     a - +0 spear
rCold  . . .     Gourm    .     b - +0 leather armour
rNeg   . . .     Faith    .     (no shield)
rPois  .         Spirit   .     (no helmet)
rElec  .         Dismiss  .     (no cloak)
rCorr  .         Reflect  .     (no gloves)
SustAt .         Harm     .     (no boots)
MR     .....                    t - amulet of rage
Stlth  +++.......               (no ring)
                                (no ring)

@: heroism, infused, singing, not resistant to hostile enchantments, fairly
stealthy
A: change form in water, swift swim
a: Heroism, Renounce Religion, Stop Singing, Evoke Berserk Rage


You were on level 8 of the Dungeon.
You worshipped Okawaru.
Okawaru was pleased with you.
You were hungry.

You visited 1 branch of the dungeon, and saw 8 of its levels.
You also visited: Ossuary.

You collected 490 gold pieces.

Inventory:

Hand Weapons
 a - a +0 spear (weapon)
 B - a +3 flail of protection
Armour
 b - a +0 leather armour (worn)
Jewellery
 t - an amulet of rage (around neck)
Wands
 w - a wand of lightning (15/15)
Scrolls
 h - 2 scrolls of enchant weapon {unknown}
 k - 7 scrolls of remove curse
 l - 2 scrolls of magic mapping {unknown}
 o - a scroll of immolation {unknown}
 q - a scroll of amnesia {unknown}
 s - a scroll of summoning {unknown}
 u - 2 scrolls of blinking {unknown}
 v - 3 scrolls of recharging
 x - a scroll of random uselessness {unknown}
Potions
 e - a potion of ambrosia {unknown}
 g - 2 potions of might
 i - a potion of flight {unknown}
 m - 2 potions of curing {unknown}
 n - 2 potions of cancellation
 r - a potion of degeneration {unknown}
 z - a potion of agility
 A - a potion of lignification {unknown}
Books
 c - a book of Battle

   Spells                             Type                      Level
   a - Infusion                       Charms                       1
   b - Shroud of Golubria             Charms/Translocation         2
   c - Song of Slaying                Charms                       2
   d - Spectral Weapon                Hexes/Charms                 3
   e - Regeneration                   Charms/Necromancy            3
 y - a book of Transfigurations

   Spells                             Type                      Level
   a - Irradiate                      Conjuration/Transmutation    5
   b - Statue Form                    Transmutation/Earth          6
   c - Hydra Form                     Transmutation                6
   d - Dragon Form                    Transmutation                7
Comestibles
 d - 4 bread rations
 f - 2 meat rations
 C - 3 chunks of flesh


   Skills:
 + Level 8.1(13.1) Fighting
 - Level 9.5(14.5) Polearms
 - Level 0.6(5.6) Armour
 + Level 2.9(7.9) Dodging
 - Level 1.4(6.4) Stealth
 - Level 2.0 Spellcasting
 * Level 2.2 Hexes
 - Level 8.9 Charms
 - Level 0.2 Invocations


You had 6 spell levels left.
You knew the following spells:

 Your Spells              Type           Power        Failure   Level  Hunger
a - Infusion              Chrm           ####         1%          1    ##.....
b - Song of Slaying       Chrm           ####....     1%          2    ###....
c - Spectral Weapon       Hex/Chrm       ###.....     12%         3    ####...


Dungeon Overview and Level Annotations

Branches:
Dungeon (8/15)             Temple (0/1) D:4
   Lair: D:8-11

Altars:
Ashenzari
Cheibriados
Dithmenos
Kikubaaqudgha
Makhleb
Nemelex Xobeh
Okawaru
Qazlal
Yredelemnul
Zin

Shops:
D:4 }   D:5 :


Message History

The orc knight is moderately wounded.
You hear a shout!
The orc hits you with a club.
* * * LOW HITPOINT WARNING * * *
You hit the orc knight. Your punch misses the orc knight.
The orc knight is moderately wounded.
The orc knight roars a battlecry!
The orc knight hits you with a long sword!
* * * LOW HITPOINT WARNING * * *
The neqoxec gestures.
You barely miss the orc knight.
The orc knight is moderately wounded.
The orc hits you but does no damage.
The sixfirhy hits you but does no damage.
You closely miss the orc knight.
The orc knight is moderately wounded.
You hear a shout!
The sixfirhy hits you but does no damage.
The orc knight hits you with a long sword!
You die... ########## # ..5#o...#. .. ....5≈≈.. ... o3.≈≈.. ... #oooo#

.. #.o4o### # #@o.#
####################
#..............
#≈≈≈≈≈≈≈≈≈≈≈≈≈≈
≈≈≈≈≈≈≈≈≈≈≈≈≈≈≈
≈≈≈≈≈≈≈≈≈≈≈≈≈≈≈
....h.hhP......
......Ph.......
###############


You could see an orc knight, a sixfirhy, a neqoxec, an orc sorcerer, an orc
warrior, an iron imp, an orc priest (fleeing), a quasit and 5 orcs.

Vanquished Creatures
  The ghost of UnlimitedFusion the Skirmisher, an amateur GrFi (D:3)
  3 wargs (D:8)
  The ghost of dvd the Charlatan, an amateur SpAr (Ossuary)
  A sky beast (D:6)
  3 ice beasts
  2 ogres (D:5)
  A phantom (D:5)
  2 centaurs
  An elf zombie (Ossuary)
  4 scorpions
  4 crimson imps
  A giant frog zombie (D:7)
  A centaur zombie (D:6)
  2 hounds
  3 giant frog skeletons
  4 orc priests
  2 iguanas
  6 orc wizards
  2 worker ants
  A killer bee zombie (D:5)
  Robin (D:2)
  9 adders
  An ooze (D:5)
  2 adder zombies (D:6)
  5 worms
  3 giant geckos
  15 orcs
  6 giant cockroaches
  14 goblins
  8 hobgoblins
  5 jackals
  7 kobolds
  4 quokkas
  A ball python (D:1)
  3 bats
  11 giant newts
  A jackal skeleton (D:5)
  A quokka skeleton (D:4)
  3 rats
145 creatures vanquished.

Notes
Turn   | Place    | Note
--------------------------------------------------------------
     0 | D:1      | atgrul the Merfolk Skald began the quest for the Orb.
     0 | D:1      | Reached XP level 1. HP: 16/16 MP: 3/3
   239 | D:1      | Reached XP level 2. HP: 19/23 MP: 0/5
  1182 | D:2      | Reached XP level 3. HP: 19/28 MP: 6/6
  1239 | D:2      | Found a basalt altar of Yredelemnul.
  1242 | D:2      | Found a glowing silver altar of Zin.
  1253 | D:2      | Found an iron altar of Okawaru.
  1256 | D:2      | Found a shattered altar of Ashenzari.
  1262 | D:2      | Became a worshipper of Warmaster Okawaru
  1291 | D:2      | Reached skill level 4 in Polearms
  1348 | D:2      | Noticed Robin
  1359 | D:1      | Reached skill level 1 in Stealth
  1405 | D:2      | Reached XP level 4. HP: 22/35 MP: 0/7
  2161 | D:2      | Killed Robin
  2682 | D:3      | Reached skill level 5 in Polearms
  2873 | D:3      | Reached XP level 5. HP: 41/41 MP: 5/8
  2892 | D:3      | Found a stormy altar of Qazlal.
  3186 | D:3      | Noticed UnlimitedFusion's ghost (amateur GrFi)
  3774 | D:4      | Found a staircase to the Ecumenical Temple.
  3800 | D:4      | Reached XP level 6. HP: 29/47 MP: 9/9
  3898 | D:4      | Reached skill level 5 in Charms
  4083 | D:4      | Learned a level 2 spell: Song of Slaying
  4328 | D:4      | Found Ugymosi's Gadget Shop.
  4544 | D:4      | Reached skill level 6 in Polearms
  4930 | D:5      | Entered Level 5 of the Dungeon
  4954 | D:5      | Reached * piety under Okawaru
  5084 | D:5      | Noticed a phantom
  5461 | D:5      | Found Nuisan's Book Shop.
  5484 | D:5      | Reached XP level 7. HP: 22/54 MP: 1/10
  5688 | D:5      | Reached skill level 7 in Polearms
  6038 | D:5      | Found an ancient bone altar of Kikubaaqudgha.
  6039 | D:5      | Found a shadowy altar of Dithmenos.
  6039 | D:5      | Found a sparkling altar of Nemelex Xobeh.
  6675 | D:5      | Reached XP level 8. HP: 46/61 MP: 11/11
  6783 | D:6      | Reached skill level 5 in Fighting
  6858 | D:6      | Found a sand-covered staircase.
  6893 | Ossuary  | Entered an ossuary
  6899 | Ossuary  | Noticed dvd's ghost (amateur SpAr)
  6920 | Ossuary  | Killed dvd's ghost
  7300 | D:6      | Reached skill level 8 in Polearms
  7356 | D:6      | Reached ** piety under Okawaru
  8550 | D:6      | Found a snail-covered altar of Cheibriados.
  9106 | D:3      | Killed UnlimitedFusion's ghost
  9106 | D:3      | Reached skill level 9 in Polearms
  9106 | D:3      | Reached XP level 9. HP: 29/71 MP: 4/12
 10003 | D:7      | Learned a level 3 spell: Spectral Weapon
 10418 | D:7      | Found a burning altar of Makhleb.
 10775 | D:8      | Reached skill level 1 in Hexes
 11355 | D:8      | Noticed an orc sorcerer
 11355 | D:8      | Noticed an orc knight
 11362 | D:8      | Noticed a sixfirhy
 11369 | D:8      | Slain by an orc knight

Skill      XL: |  1  2  3  4  5  6  7  8  9 |
---------------+----------------------------+-----
Polearms       | 4 5 6 7 9 |  9.5
Stealth        | 1 |  1.4
Fighting       | 3 4 6 8 |  8.1
Charms         | 4 6 7 8 |  8.9
Dodging        | 2 |  2.9
Hexes          | 2 |  2.2
Armour         | |  0.6
Spellcasting   | |  2.0
Invocations    | |  0.2

Action                   |  1- 3 |  4- 6 |  7- 9 || total
-------------------------+-------+-------+-------++-------
Melee: Spear             |   129 |   245 |   462 ||   836
       Tailslap          |       |     2 |       ||     2
 Cast: Infusion          |     7 |    20 |    31 ||    58
       Song of Slaying   |       |     1 |     1 ||     2
       Spectral Weapon   |       |       |     2 ||     2
Invok: Heroism           |       |       |     7 ||     7
  Use: Scroll            |       |     3 |    10 ||    13
       Potion            |       |     3 |     5 ||     8
 Stab: Sleeping          |     2 |     2 |     3 ||     7
       Distracted        |       |     1 |       ||     1
  Eat: Chunk             |     2 |     9 |     8 ||    19
       Meat ration       |       |     1 |     1 ||     2
       Fruit             |       |       |     7 ||     7
Armor: Leather armour    |    15 |    32 |    42 ||    89
Dodge: Dodged            |    48 |    79 |   144 ||   271
